[Event "*** Titled Tuesday Blitz"]
[Site "Chess.com"]
[Date "2021.03.09"]
[Round "5"]
[White "bsnsun"]
[Black "politeplayer"]
[Result "1-0"]
[WhiteElo "2458"]
[BlackElo "2283"]
[TimeControl "180+1"]
[EndTime "10:58:00 PST"]
[Termination "bsnsun won by resignation"]

1. d4 Nf6 2. c4 c5 3. d5 g6 4. Nf3 Bg7 5. Nc3 O-O 6. e4 d6 7.
h3 e6 8. Be2 exd5 9. exd5 Re8 10. O-O Ne4 11. Nxe4 Rxe4 12. Bd3 Re8 13. Rb1 Nd7 14.
Bg5 Qa5 15. a3 Ne5 16. Nxe5 Bxe5 17. Re1 Bd7 18. Bh6 Bxb2 19. Rxe8+ Rxe8 20. Qb3 Re1+ 21. Rxe1 Qxe1+ 22. Bf1 Bd4 23. Qf3 Bf5 24. h4 Be4 25. Qg3 Be5 26. Qg4 Bf5 27. Qf3 Be4 28. Qb3 Bd4 29. Qg3 Bd3 30. Qxd3 Qxf2+ 31. Kh2 Qxf1 32. Qxf1 1-0

[Event "*** Titled Tuesday Blitz"]
[Site "Chess.com"]
[Date "2021.03.09"]
[Round "5"]
[White "hellokostya"]
[Black "esapunov"]
[Result "0-1"]
[WhiteElo "2527"]
[BlackElo "2742"]
[TimeControl "180+1"]
[EndTime "10:58:01 PST"]
[Termination "esapunov won by resignation"]

1. d4 Nf6 2. Bg5 d5 3. Nd2 c5 4. e3 Nc6 5. c3 e6 6. Bd3 h6 7.
Bh4 Bd6 8. Qe2 e5 9. dxc5 Bxc5 10. e4 d4 11. Ngf3 dxc3 12. bxc3 Be7 13. O-O O-O 14. Bc4 Bg4 15. h3 Bh5 16. g4 Bg6 17. Bxf6 Bxf6 18.
Rfd1 Rc8 19. Nf1 Qa5 20. Rac1 Rfd8 21. Ng3 Rxd1+ 22. Rxd1 Qxc3 23. Bb3 Nd4 24. Nxd4 exd4 25. e5 d3 26. Qe3 Bxe5 27. Nf5 Bxf5 28. gxf5 d2 29. Qxc3 Bxc3 30. Kg2 Re8 31. Kf3 Re1 32. Kg2 Kf8 33. Kf3 Ke7 34. Kg3 Kf6 35. Kg4 b5 36. Kf4 a5 37. Kg4 a4 38. Bc2 Ke5 39. Kf3 Ba5 40. Kg4 Kd4 41. f6 gxf6 0-1

[Event "*** Titled Tuesday Blitz"]
[Site "Chess.com"]
[Date "2021.03.09"]
[Round "5"]
[White "Vugar_Manafov"]
[Black "Shuvalov"]
[Result "1-0"]
[WhiteElo "2673"]
[BlackElo "2512"]
[TimeControl "180+1"]
[EndTime "10:58:01 PST"]
[Termination "Vugar_Manafov won by checkmate"]

1. Nf3 d5 2. g3 Nf6 3. Bg2 Bf5 4. O-O e6 5. d3 Be7 6. Nbd2 h6 7. b3 O-O 8. Bb2 c5 9. c4 d4 10. b4 Nc6 11. bxc5 e5 12. Nb3 Nd7 13. e4 Bg4 14. h3 Bh5 15. Qd2 a5 16. a4 Bxf3 17. Bxf3 Bxc5 18.
Bg2 Bb4 19. Qe2 Qe7 20. f4 Rad8 21. Rf2 Nc5 22. Nxc5 Bxc5 23. Raf1 Bd6 24. Bc1 Ra8 25. Qg4 Kh8 26. h4 Ra6 27. Qh5 Nb4 28. Rf3 Kg8 29. f5 Qd8 30. f6 Bc5 31. Bxh6 Rxf6 32. Rxf6 Qxf6 33. Rxf6 gxf6 34. Qg4+ Kh7 35. Qg7# 1-0

[Event "*** Titled Tuesday Blitz"]
[Site "Chess.com"]
[Date "2021.03.09"]
[Round "5"]
[White "Rozhkov_V"]
[Black "Nozdrachev_Leonid"]
[Result "0-1"]
[WhiteElo "2384"]
[BlackElo "2535"]
[TimeControl "180+1"]
[EndTime "10:58:02 PST"]
[Termination "Nozdrachev_Leonid won on time"]

1. e4 d6 2. d4 Nf6 3. Nc3 e5 4. Nf3 Nbd7 5. Bc4 Be7 6. O-O O-O 7. a4 c6 8. Ba2 h6 9. Be3 Qc7 10. Nh4 Re8 11. Nf5 Nf8 12. Qf3 Ng6 13. Bxh6 gxh6 14.
Nxh6+ Kg7 15. Nxf7 exd4 16. Ne2 Bg4 17. Qg3 Bxe2 18. Ng5 Bg4 19. Be6 Nxe4 20. Qxg4 Nxg5 21. Bf5 Ne5 22. Qg3 Rf8 23. Be4 d5 24. Bd3 Rf4 25. h4 Rg4 0-1

[Event "*** Titled Tuesday Blitz"]
[Site "Chess.com"]
[Date "2021.03.09"]
[Round "5"]
[White "Airquake"]
[Black "iturrizaga"]
[Result "0-1"]
[WhiteElo "2601"]
[BlackElo "2840"]
[TimeControl "180+1"]
[EndTime "10:58:04 PST"]
[Termination "iturrizaga won on time"]

1. e4 c5 2. Nf3 g6 3. Bc4 Nc6 4. O-O Bg7 5. c3 e6 6. d4 cxd4 7. cxd4 d5 8. exd5 exd5 9. Re1+ Nge7 10. Bb3 O-O 11. h3 h6 12. Nc3 Be6 13. Bf4 Nf5 14. Nb5 Rc8 15. g4 Nh4 16. Ne5 Qf6 17. Bg3 Rfd8 18. Re3 a6 19. Nc3 h5 20. gxh5 Nf5 21.
Rd3 Ncxd4 22. Rxd4 Nxg3 23. fxg3 Qxe5 24. Rf4 Qg5 25.
Kh2 Be5 26. Rf3 Qxh5 27. Qf1 Bxh3 0-1

[Event "*** Titled Tuesday Blitz"]
[Site "Chess.com"]
[Date "2021.03.09"]
[Round "5"]
[White "mikolka1985"]
[Black "Benjoneliere44"]
[Result "1-0"]
[WhiteElo "2692"]
[BlackElo "2504"]
[TimeControl "180+1"]
[EndTime "10:58:04 PST"]
[Termination "mikolka1985 won by resignation"]

1. d4 d6 2. c4 e5 3. Nc3 exd4 4. Qxd4 Nc6 5. Qd2 Nf6 6. b3 Be6 7. e4 a5 8. Bd3 a4 9. Rb1 axb3 10. axb3 Nb4 11. Nge2 Nxd3+ 12. Qxd3 g6 13. O-O Bg7 14. Bb2 O-O 15. Nd5 Nxd5 16. cxd5 Bd7 17. Bxg7 Kxg7 18. Rfc1 c5 19. dxc6 Bxc6 20. Nc3 Re8 21. Rd1 Qf6 22.
f3 Rad8 23. b4 Re5 24. b5 Be8 25. Nd5 Qe6 26. Re1 f6 27. f4 Rh5 28. Qc3 Bf7 29. h3 Rc8 30. Qd4 Rc5 31. b6 g5 32.
Nc7 Qc4 33. Qxd6 gxf4 34. Qe7 Qd4+ 35. Kh1 Rcg5 36. Ne6+ 1-0

[Event "*** Titled Tuesday Blitz"]
[Site "Chess.com"]
[Date "2021.03.09"]
[Round "5"]
[White "kleopl"]
[Black "barbara25"]
[Result "0-1"]
[WhiteElo "2475"]
[BlackElo "2286"]
[TimeControl "180+1"]
[EndTime "10:58:04 PST"]
[Termination "barbara25 won by resignation"]

1. c4 e5 2. Nc3 Nf6 3. Nf3 Nc6 4. e4 Bb4 5. d3 O-O 6. Be2 Re8 7. O-O d6 8. Ne1 Ne7 9. Nc2 Bxc3 10. bxc3 Ng6 11.
Rb1 c6 12. Bh5 d5 13. Bxg6 hxg6 14. cxd5 cxd5 15. exd5 Nxd5 16. Bd2 Be6 17. Rxb7 Qc8 18. Rb3 Nf4 19. c4 Nh5 20. Be3 e4 21. Rc3 exd3 22. Qxd3 Rd8 23. Qe2 Nf6 24. Nd4 Re8 25. Nxe6 Rxe6 26. Rd1 Qc6 27. Qd3 a5 28. h3 a4 29.
c5 Rc8 30. Rc4 Nh5 31. Qd4 Nf6 32. Rxa4 Re4 33. Rc4 Rxd4 34. Bxd4 Ne4 35. Be3 f5 36. a4 Ra8 37. Rdd4 Rb8 38. Kh2 Qc7+ 39. g3 Rb2 40. Kg2 Qxg3+ 41. Kf1 Nxf2 0-1

[Event "*** Titled Tuesday Blitz"]
[Site "Chess.com"]
[Date "2021.03.09"]
[Round "5"]
[White "schondeln"]
[Black "CzechmVIII"]
[Result "1-0"]
[WhiteElo "2398"]
[BlackElo "2244"]
[TimeControl "180+1"]
[EndTime "10:58:04 PST"]
[Termination "schondeln won by resignation"]

1. e4 c5 2. Nf3 d6 3. Bc4 Nf6 4. d3 Nc6 5. O-O g6 6. c3 Bg7 7.
h3 O-O 8. Bb3 b6 9. Re1 Bb7 10.
Nbd2 Ne5 11. Nxe5 dxe5 12. Nf3 Qc7 13. Be3 Rfd8 14. Qe2 Ba6 15. Bc2 Nxe4 16. Bc1 Nf6 17. Nxe5 Bb7 18. Bf4 Qc8 19. Bb3 Nd5 20. Bg3 e6 21. Rad1 a5 22. a4 Ba6 23. Nc4 Qc6 24.
Be5 Bb7 25. f3 Nf6 26. Qf2 Rac8 27. Qh4 Ne8 28. Bxg7 Nxg7 29. Qf6 Qe8 30. Nxb6 Rc6 31. Nc4 e5 32. Qxe5 Re6 33. Qg3 Rxe1+ 34. Rxe1 Qd7 35. Ne5 Qf5 36. Qg4 h5 37. Qxf5 Nxf5 38. Bxf7+ Kg7 39.
Bxg6 Ng3 40. Kf2 Rd5 41. Kxg3 h4+ 42. Kf4 Rxe5 43. Rxe5 Kxg6 44. Rxc5 1-0

[Event "*** Titled Tuesday Blitz"]
[Site "Chess.com"]
[Date "2021.03.09"]
[Round "5"]
[White "PopMilan95"]
[Black "exoticprincess"]
[Result "0-1"]
[WhiteElo "2606"]
[BlackElo "2875"]
[TimeControl "180+1"]
[EndTime "10:58:05 PST"]
[Termination "exoticprincess won on time"]

1. d4 Nf6 2. Bf4 e6 3. e3 b6 4. Qf3 Nc6 5. Nc3 Bb7 6. O-O-O Be7 7. h4 O-O 8. h5 d6 9. Qg3 Kh8 10. h6 g6 11. Be2 a5 12. Bf3 a4 13. a3 Ra5 14.
Nh3 Qa8 15. Bg5 Kg8 16. Qh4 Qd8 17. Qg3 Ba8 18. e4 e5 19. dxe5 Nxe5 20. Be2 Nxe4 21. Nxe4 Bxe4 22. f3 Bf5 23. Bxe7 Qxe7 24. f4 Rc5 25.
Rd2 Nc6 26. Re1 Re8 27. Nf2 Nd4 28. Nd3 Bxd3 0-1

[Event "*** Titled Tuesday Blitz"]
[Site "Chess.com"]
[Date "2021.03.09"]
[Round "5"]
[White "Chigorinetz"]
[Black "SameerMujumdar"]
[Result "0-1"]
[WhiteElo "2492"]
[BlackElo "2362"]
[TimeControl "180+1"]
[EndTime "10:58:05 PST"]
[Termination "SameerMujumdar won by checkmate"]

1. e4 e6 2. d4 d5 3. e5 c5 4. Qg4 f5 5. Qg3 cxd4 6. Nf3 Nc6 7. Bd3 Nh6 8. Bxh6 gxh6 9. Nbd2 Bd7 10. a3 a5 11. O-O Be7 12. Rfe1 Kf7 13. Qh3 Kg7 14.
Nb3 Qb6 15. Rad1 a4 16. Nbxd4 Nxd4 17. Nxd4 Qxd4 18. Bxf5 Qh4 19. Qxh4 Bxh4 20. Bd3 Rhf8 21. Re2 Be7 22. c3 Ra5 23. Re3 Bb5 24. Bc2 Bc4 25.
Rg3+ Kf7 26. Bxh7 Bg5 27. f4 Bxf4 28. Rf3 Kg7 29. Bd3 Bxd3 30. Rdxd3 Bxe5 31. Rfe3 Rf5 32. g4 Rg5 33. Kf2 Kf6 34. Kf3 Bxh2 35. Re2 Be5 36. Rde3 Rb5 37. Kg2 Rc5 38. Rf3+ Ke7 39. Ref2 Rxg4+ 40. Kh3 Rcc4 41. Rf7+ Kd6 42. Rxb7 Rh4+ 43. Kg2 Rcg4+ 44.
Kf1 Rh1+ 45. Ke2 Re4+ 46. Kd3 Rh2 47. Rff7 Rh3+ 48. Kd2 Bf4+ 49. Kd1 Rh1+ 50. Kc2 Re2+ 51. Kd3 Rd2# 0-1

[Event "*** Titled Tuesday Blitz"]
[Site "Chess.com"]
[Date "2021.03.09"]
[Round "5"]
[White "Mihnea2017"]
[Black "Gahan-MG"]
[Result "0-1"]
[WhiteElo "2487"]
[BlackElo "2679"]
[TimeControl "180+1"]
[EndTime "10:58:06 PST"]
[Termination "Gahan-MG won by resignation"]

1. e4 c5 2. Nf3 d6 3. d4 cxd4 4. Nxd4 Nf6 5. Nc3 a6 6. Be3 e5 7.
Nb3 Be6 8. f3 Be7 9. Qd2 h5 10.
Nd5 Nxd5 11. exd5 Bf5 12. Be2 Nd7 13. O-O Qc7 14. c4 h4 15. f4 exf4 16. Bxf4 Bg6 17.
Rae1 O-O 18. Nd4 Bf6 19. Kh1 Rae8 20. Bd3 Bxd3 21. Qxd3 Qb6 22. Nf5 Ne5 23. Bxe5 Bxe5 24. b3 Qd8 25. Qh3 Bf6 26. Qg4 Rxe1 27. Rxe1 g6 28.
Nd4 Re8 29. Rf1 Bg7 30. Nf3 Bf6 31. Re1 Rxe1+ 32. Nxe1 Qe7 33. Nd3 Qe3 34. Qf3 Qd2 35. h3 Bd4 36. a4 Qc2 37. Ne1 Qc1 38. Qe4 Bc3 39. Qe8+ Kg7 40. Kh2 Bxe1 0-1

[Event "*** Titled Tuesday Blitz"]
[Site "Chess.com"]
[Date "2021.03.09"]
[Round "5"]
[White "bazar-wokzal"]
[Black "volunteers1998"]
[Result "1-0"]
[WhiteElo "2480"]
[BlackElo "2198"]
[TimeControl "180+1"]
[EndTime "10:58:07 PST"]
[Termination "bazar-wokzal won on time"]

1. e4 c5 2. c3 d5 3. exd5 Qxd5 4. d4 cxd4 5. cxd4 Nc6 6. Nf3 Bg4 7. Nc3 Bxf3 8. gxf3 Qxd4 9. Qxd4 Nxd4 10. Nb5 Nc2+ 11.
Kd1 Nxa1 12. Nc7+ Kd7 13. Nxa8 Kc8 14. Bf4 Nf6 15. Kd2 Nd5 16. Bh3+ e6 17. Rc1+ Kd7 18.
Be5 Bb4+ 19. Kd3 Rxa8 20. Rxa1 f6 21. Bg3 Rc8 22. f4 Bd6 23. f5 Nb4+ 24. Ke4 e5 25. a3 Rc4+ 26. Kf3 Nd5 27. Rd1 Kc6 28. Bg2 Rc2 29.
Kg4 Kc5 30. Rxd5+ 1-0

[Event "*** Titled Tuesday Blitz"]
[Site "Chess.com"]
[Date "2021.03.09"]
[Round "5"]
[White "Joseacorrea"]
[Black "AniJak"]
[Result "0-1"]
[WhiteElo "2085"]
[BlackElo "2323"]
[TimeControl "180+1"]
[EndTime "10:58:07 PST"]
[Termination "AniJak won on time"]

1. c4 e5 2. Nc3 Nc6 3. g3 g6 4. Bg2 Bg7 5. e3 d6 6. Nge2 Nge7 7. O-O h5 8. h3 Be6 9. b3 Qd7 10. Kh2 h4 11. g4 f5 12. f3 fxg4 13. fxg4 O-O-O 14. Ng1 d5 15. Bb2 dxc4 16. Ne4 cxb3 17. Nc5 Qd6 18. Nxe6 Qxe6 19. axb3 Kb8 20. b4 Rhf8 21.
b5 Qd6 22. bxc6 e4+ 23. Kh1 Bxb2 24. Qb3 Nxc6 25. Qxb2 Rxf1 26. Rxf1 Qxd2 27. Qxd2 Rxd2 28. Rf8+ Rd8 29. Rf6 a5 30. Bxe4 Ne5 31. Nf3 Nc4 32.
Nd4 Nxe3 0-1

[Event "*** Titled Tuesday Blitz"]
[Site "Chess.com"]
[Date "2021.03.09"]
[Round "5"]
[White "erdni1993"]
[Black "PaulfromSPb"]
[Result "0-1"]
[WhiteElo "2511"]
[BlackElo "2709"]
[TimeControl "180+1"]
[EndTime "10:58:08 PST"]
[Termination "PaulfromSPb won on time"]

1. e4 c5 2. Nf3 d6 3. d4 cxd4 4. Nxd4 Nf6 5. Nc3 a6 6. Bg5 e6 7. Qd2 Nbd7 8. a4 h6 9. Be3 Ng4 10. Bc4 Nxe3 11. Qxe3 Ne5 12. Ba2 Be7 13. Rd1 O-O 14.
h3 Qc7 15. O-O Bd7 16. Qe2 Nc6 17. Nxc6 Bxc6 18. f4 Qb6+ 19. Kh1 Qxb2 20. Qd3 Bf6 21. e5 dxe5 22. Rb1 Qa3 23. Rb3 Qe7 24. Ne4 Rad8 25. Qe2 exf4 26. Rxf4 Be5 27. Rf1 Bxa4 28. Rbf3 Bb5 29.
c4 Bc6 30. Bb1 Bb8 31. Nf6+ gxf6 32. Rxf6 Rd4 33. Rxh6 Rh4 34. Rff6 Qd6 35. Rhg6+ fxg6 36. Rxg6+ Kh8 37. Qb2+ Qd4 38. Rh6+ Kg8 0-1

[Event "*** Titled Tuesday Blitz"]
[Site "Chess.com"]
[Date "2021.03.09"]
[Round "5"]
[White "eguindy"]
[Black "tusplingher"]
[Result "1-0"]
[WhiteElo "2461"]
[BlackElo "2290"]
[TimeControl "180+1"]
[EndTime "10:58:09 PST"]
[Termination "eguindy won by resignation"]

1. e4 c5 2. Nf3 g6 3. d3 Bg7 4. Be2 Nc6 5. O-O d6 6. Re1 e5 7. c3 Nge7 8. a3 O-O 9. b4 cxb4 10. axb4 d5 11. b5 Nb8 12. Nbd2 Bd7 13. Qb3 Be6 14. Qb4 a6 15. c4 dxc4 16. Nxc4 Bxc4 17. dxc4 a5 18. Qc3 Qc7 19. Ba3 b6 20. Red1 Re8 21.
Bd6 Qb7 22. Nxe5 Qxe4 23. Bf3 Qf5 24. Bxa8 Nd7 25. f4 Qxf4 26. Rd4 Bxe5 27. Bxe5 Qxe5 28. Re1 Qc5 29. Bc6 Rd8 30. Kh1 Nxc6 31. bxc6 Qxc6 32. Red1 Kf8 33. Qa3+ Qc5 34. Qxc5+ bxc5 35. Rxd7 1-0

[Event "*** Titled Tuesday Blitz"]
[Site "Chess.com"]
[Date "2021.03.09"]
[Round "5"]
[White "Meri-Arabidze"]
[Black "katchesskat"]
[Result "1-0"]
[WhiteElo "2573"]
[BlackElo "2315"]
[TimeControl "180+1"]
[EndTime "10:58:10 PST"]
[Termination "Meri-Arabidze won by resignation"]

1. d4 c5 2. d5 e5 3. Nc3 a6 4. a4 d6 5. e4 b6 6. f4 exf4 7. Bxf4 Ne7 8. Nf3 Ng6 9. Bg3 Bg4 10. Be2 Be7 11. O-O O-O 12. e5 Bxf3 13. Bxf3 Ra7 14. e6 Bf6 15. Ne4 Bxb2 16. Rb1 Bd4+ 17. Kh1 Be5 18. c4 Re8 19. Bg4 fxe6 20. dxe6 Qc7 21. Nxd6 Bxg3 22. Nxe8 Qe7 23. hxg3 Qxe8 24. Rxb6 Nc6 25. Qd6 Nge5 26. Bh3 Ra8 27. Qxc5 h6 28. Qd5 Rc8 29. e7+ Kh8 30. Bxc8 1-0

[Event "*** Titled Tuesday Blitz"]
[Site "Chess.com"]
[Date "2021.03.09"]
[Round "5"]
[White "ajdemipopushi"]
[Black "KingCyber19"]
[Result "1-0"]
[WhiteElo "2372"]
[BlackElo "2498"]
[TimeControl "180+1"]
[EndTime "10:58:11 PST"]
[Termination "ajdemipopushi won by checkmate"]

1. Nf3 d5 2. g3 Nf6 3. c4 c6 4.
Bg2 Bf5 5. cxd5 cxd5 6. Qb3 Qb6 7.
Qxb6 axb6 8. Nc3 Nc6 9. Nb5 Rc8 10. O-O e5 11. d3 Bc5 12. a3 O-O 13. b4 Be7 14. Bb2 Nd7 15. Rfc1 Be6 16. Nd2 f6 17.
Rc2 Kf7 18. Rac1 Rfd8 19. f4 Ndb8 20. Nf3 e4 21. Nfd4 Nxd4 22. Nxd4 Rxc2 23. Rxc2 f5 24. g4 fxg4 25. dxe4 dxe4 26. Bxe4 Bd5 27. Bxd5+ Rxd5 28.
e4 Rd8 29. Rc7 Kf8 30. Ne6+ Ke8 31. Nxd8 Na6 32. Rxb7 Bxd8 33. Bxg7 h5 34. Bd4 Nc7 35. Bxb6 Ne6 36. Rb8 Kd7 37. Rxd8+ Nxd8 38. Bxd8 Kxd8 39. a4 Kd7 40. a5 Kc6 41. f5 Kd6 42. a6 Kc7 43. f6 Kb6 44. f7 Kxa6 45. f8=Q Kb5 46. Qc5+ Ka4 47. b5 Kb3 48. b6 Ka4 49. b7 g3 50. b8=Q gxh2+ 51. Kh1 h4 52. Qca7# 1-0

[Event "*** Titled Tuesday Blitz"]
[Site "Chess.com"]
[Date "2021.03.09"]
[Round "5"]
[White "mr65"]
[Black "Marcin"]
[Result "0-1"]
[WhiteElo "2105"]
[BlackElo "2525"]
[TimeControl "180+1"]
[EndTime "10:58:13 PST"]
[Termination "Marcin won by resignation"]

1. e4 c6 2. Nc3 d5 3. Nf3 a6 4. g3 d4 5. Ne2 c5 6. d3 Nc6 7. Bg2 e5 8. O-O f6 9. Nh4 Nge7 10. f4 exf4 11. Nxf4 Ne5 12. Nf3 N7c6 13. Nxe5 Nxe5 14.
Qh5+ g6 15. Qe2 Bd6 16. Nd5 O-O 17. Bh6 Rf7 18. Bf4 Be6 19. Rae1 Bxd5 20. exd5 Qd7 21. h3 Re8 22. Qf2 Kg7 23. Kh2 Rfe7 24. Be4 Nf7 25. Bd2 Be5 26. Bf4 Bxf4 27. Qxf4 f5 28. Bg2 Rxe1 29.
Rxe1 Rxe1 30. h4 Re3 31. h5 Qd6 32. h6+ Kf8 33. Qg5 Nxg5 0-1

[Event "*** Titled Tuesday Blitz"]
[Site "Chess.com"]
[Date "2021.03.09"]
[Round "5"]
[White "zeitnot2006"]
[Black "Handszar"]
[Result "0-1"]
[WhiteElo "2498"]
[BlackElo "2380"]
[TimeControl "180+1"]
[EndTime "10:58:13 PST"]
[Termination "Handszar won by checkmate"]

1. e4 c5 2. Nf3 d6 3. d4 cxd4 4. Qxd4 Nf6 5. c4 Nc6 6. Qe3 Bg4 7. Nc3 Nb4 8. Bd3 Nxd3+ 9. Qxd3 Bxf3 10. Qxf3 g6 11.
O-O Bg7 12. Qd3 O-O 13. Be3 a6 14. Rac1 Qa5 15. f3 b5 16. cxb5 axb5 17. Qxb5 Qxb5 18. Nxb5 Rxa2 19. Bd4 Nh5 20. Bxg7 Kxg7 21. Rf2 Nf4 22. Rd2 Rb8 23. Nd4 Rbxb2 24. Rcc2 Rxc2 25. Rxc2 Ra1+ 26. Kf2 e5 27. Nb5 d5 28. g3 Nd3+ 29. Ke3 dxe4 30. Kxe4 Nb4 31. Rc4 Re1# 0-1

[Event "*** Titled Tuesday Blitz"]
[Site "Chess.com"]
[Date "2021.03.09"]
[Round "5"]
[White "TimKett"]
[Black "andrzej"]
[Result "0-1"]
[WhiteElo "2195"]
[BlackElo "2362"]
[TimeControl "180+1"]
[EndTime "10:58:13 PST"]
[Termination "andrzej won on time"]

1. e4 c5 2. Nf3 Nc6 3. d4 cxd4 4. Nxd4 g6 5. Nc3 Bg7 6. Be3 Nf6 7. Bc4 O-O 8. O-O Nxe4 9. Nxe4 d5 10. Nxc6 bxc6 11. Bd3 dxe4 12. Bxe4 Qc7 13. c3 a5 14. Qf3 Bd7 15. Rad1 Rab8 16. Rd2 f5 17. Bd3 Be6 18. Bb1 Bd5 19. Qe2 f4 20. Bd4 f3 21. gxf3 e5 22.
Bc5 Bxf3 23. Qc4+ Kh8 24. Bxf8 Rxf8 25. Rd3 e4 26. Rxf3 exf3 27. Re1 Qd8 28. Qg4 Qd2 29. Rf1 Qxb2 30. Bxg6 Rg8 0-1

[Event "*** Titled Tuesday Blitz"]
[Site "Chess.com"]
[Date "2021.03.09"]
[Round "5"]
[White "PawnEatingZombie"]
[Black "floplover"]
[Result "1-0"]
[WhiteElo "2236"]
[BlackElo "2297"]
[TimeControl "180+1"]
[EndTime "10:58:13 PST"]
[Termination "PawnEatingZombie won by checkmate"]

1. d4 d5 2. c4 e6 3. Nc3 Bb4 4. cxd5 exd5 5. Bf4 Ne7 6. Qa4+ Nbc6 7. e3 O-O 8. Bd3 Bd6 9. Bxd6 Qxd6 10. Nf3 Bf5 11.
Bxf5 Nxf5 12. O-O Nce7 13. Rac1 c6 14. b4 a6 15. Qb3 Ng6 16. Na4 Rae8 17. Nc5 Re7 18.
a4 Nfh4 19. Nxh4 Nxh4 20. Kh1 Qg6 21. Rg1 Qf5 22. Qc2 Qh5 23. b5 axb5 24. axb5 Rd8 25. Qd1 Qg5 26. h3 Rd6 27. Nd3 Rh6 28. Nf4 Re4 29.
bxc6 bxc6 30. Qa4 g6 31. Rxc6 Rxf4 32. Rc8+ Kg7 33. exf4 Qf5 34. Qe8 Nxg2 35. Qh8# 1-0

[Event "*** Titled Tuesday Blitz"]
[Site "Chess.com"]
[Date "2021.03.09"]
[Round "5"]
[White "queen_iryna"]
[Black "Grimlock_Glasgow"]
[Result "0-1"]
[WhiteElo "2354"]
[BlackElo "2513"]
[TimeControl "180+1"]
[EndTime "10:58:14 PST"]
[Termination "Grimlock_Glasgow won by resignation"]

1. e4 e5 2. Nf3 d5 3. d4 dxe4 4. Nxe5 Bd6 5. Nc3 Bxe5 6. dxe5 Qxd1+ 7. Kxd1 Nc6 8. Bb5 Bd7 9. Nxe4 O-O-O 10. Ke1 Nxe5 11.
Bxd7+ Rxd7 12. Bd2 Re7 13. Bb4 Re8 14. Kf1 Nc6 15.
Re1 Nxb4 16. Nd6+ cxd6 17. Rxe8+ Kd7 18. Ra8 Nc6 19. c3 h5 20. f3 a6 21. Kf2 Nce7 22.
Rb8 Kc7 23. Rf8 f6 24. Re1 Rh7 25. h4 g5 26. hxg5 fxg5 27. Re6 Rg7 28. Re4 d5 29. Re5 g4 30. Rxh5 gxf3 31. gxf3 Kd6 32. Rh8 Ke6 33. Ke3 Nf6 34. Rb8 Nc6 35. Rbc8 Kf5 36.
Rhf8 Re7+ 37. Kf2 Ne5 38. Rce8 Rxe8 39. Rxe8 Nxe8 0-1

[Event "*** Titled Tuesday Blitz"]
[Site "Chess.com"]
[Date "2021.03.09"]
[Round "5"]
[White "Synctel"]
[Black "masrahi"]
[Result "1-0"]
[WhiteElo "2014"]
[BlackElo "2186"]
[TimeControl "180+1"]
[EndTime "10:58:14 PST"]
[Termination "Synctel won by resignation"]

1. e4 e5 2. Nf3 Nc6 3. Bc4 Bc5 4. b4 Bxb4 5. c3 Bc5 6. d4 exd4 7. O-O d6 8. cxd4 Bb6 9. Nc3 Na5 10. Bd3 Ne7 11. Be3 O-O 12. h3 f5 13. e5 f4 14. Bd2 Bf5 15. Ne4 dxe5 16. Bxa5 Bxa5 17. Nxe5 Qxd4 18. Qb3+ Nd5 19. Bc4 Bxe4 20. Rad1 Qxe5 21. Bxd5+ Bxd5 22. Rxd5 Qc3 23. Rxa5+ Kh8 24. Qxc3 f3 25. gxf3 Rae8 26. Rc5 c6 27. Re5 Rd8 28. Kg2 h6 29. Re7 Rg8 30.
Rxb7 Rd5 31. Re1 Rg5+ 32. Kh2 Rf8 33. Ree7 Rxf3 34. Qxf3 Rg6 35. Rb8+ Kh7 36. Ree8 Rf6 37. Qe4+ g6 38. Rb7+ 1-0

[Event "*** Titled Tuesday Blitz"]
[Site "Chess.com"]
[Date "2021.03.09"]
[Round "5"]
[White "Firouzja2003"]
[Black "Tooweak2slow03"]
[Result "1-0"]
[WhiteElo "3139"]
[BlackElo "2773"]
[TimeControl "180+1"]
[EndTime "10:58:17 PST"]
[Termination "Firouzja2003 won by resignation"]

1. e4 e6 2. Qe2 d5 3. exd5 Qxd5 4. Nc3 Qd8 5. b3 Nf6 6. Bb2 c5 7. O-O-O Nc6 8. Nf3 Be7 9. g4 Nd5 10. g5 O-O 11.
Qe4 a5 12. Bd3 f5 13. gxf6 Nxf6 14. Qh4 Nd4 15. Nxd4 cxd4 16. Ne4 Nd5 17. Qg4 Nb4 18. Bc4 Qb6 19. Rhg1 Rf7 20. Rg2 a4 21. Rdg1 g6 22. Qh5 Rg7 23. a3 Nc6 24. b4 Nxb4 25. axb4 a3 26. Ba1 Qxb4 27. Bb3 a2 28. Qe5 Qb6 29. Nf6+ Bxf6 30. Qxf6 Rf7 31. Qe5 Ra5 32. Qe4 Bd7 33. Rg4 e5 34. Rxg6+ hxg6 35. Rxg6+ 1-0

[Event "*** Titled Tuesday Blitz"]
[Site "Chess.com"]
[Date "2021.03.09"]
[Round "5"]
[White "Aygehovit1992"]
[Black "Speed-O-Sonic"]
[Result "1-0"]
[WhiteElo "2642"]
[BlackElo "2332"]
[TimeControl "180+1"]
[EndTime "10:58:18 PST"]
[Termination "Aygehovit1992 won by resignation"]

1. e4 c6 2. Nc3 d5 3. Qf3 dxe4 4. Nxe4 Nf6 5. Nxf6+ exf6 6. c3 Bd6 7. d4 O-O 8. Bd3 Re8+ 9. Ne2 Nd7 10. h4 Nf8 11. h5 Qe7 12. Be3 Be6 13. Nf4 Bxf4 14. Qxf4 Bd5 15. Qg3 Be4 16. Be2 f5 17. O-O-O Qe6 18.
c4 b5 19. d5 cxd5 20. Bd4 f6 21.
c5 Bxg2 22. Rhe1 Be4 23. f3 Rac8 24. fxe4 fxe4 25. Bxb5 Re7 26. h6 g6 27. Kb1 Nd7 28.
Bxd7 Rxd7 29. Rf1 f5 30. Qg5 Qe7 31. Rxf5 Qxg5 32. Rxg5 Re8 33. Kc2 e3 34. Kd3 e2 35.
Re1 Rde7 36. Rg2 1-0

[Event "*** Titled Tuesday Blitz"]
[Site "Chess.com"]
[Date "2021.03.09"]
[Round "5"]
[White "CraiggoryC"]
[Black "Rap_woyska"]
[Result "1-0"]
[WhiteElo "2296"]
[BlackElo "2478"]
[TimeControl "180+1"]
[EndTime "10:58:18 PST"]
[Termination "CraiggoryC won by resignation"]

1. e4 c5 2. Nf3 e6 3. d4 cxd4 4.
Nxd4 Nc6 5. Nc3 Qc7 6. Be3 a6 7.
Qd2 Nf6 8. f3 Be7 9. O-O-O b5 10. Nxc6 dxc6 11. g4 e5 12. Qf2 Be6 13. Kb1 O-O 14.
h4 Nd7 15. Bh3 b4 16. Ne2 Qa5 17. Nc1 c5 18. g5 Bxh3 19. Rxh3 Rfd8 20. h5 Nf8 21. Rhh1 Ne6 22. g6 fxg6 23. hxg6 h6 24. Qh2 Bf6 25. Bxh6 gxh6 26. Qxh6 Bg7 27. Qh7+ Kf8 28.
Qh3 Qb6 29. Qf5+ 1-0

[Event "*** Titled Tuesday Blitz"]
[Site "Chess.com"]
[Date "2021.03.09"]
[Round "5"]
[White "Brave_spirit12"]
[Black "Semen_Khanin"]
[Result "0-1"]
[WhiteElo "2587"]
[BlackElo "2843"]
[TimeControl "180+1"]
[EndTime "10:58:19 PST"]
[Termination "Semen_Khanin won by resignation"]

1. e4 c5 2. c3 Nf6 3. e5 Nd5 4. d4 cxd4 5. cxd4 d6 6. Nf3 Nc6 7. Nc3 Nxc3 8. bxc3 dxe5 9. d5 Na5 10. Nxe5 a6 11.
Qf3 f6 12. Qh5+ g6 13. Nxg6 hxg6 14. Qxh8 Qxd5 15. Bh6 Qe5+ 16. Kd2 Qd6+ 17. Ke1 Qe5+ 18.
Kd2 Qd6+ 19. Bd3 Bf5 20. Qxf8+ Kd7 21. Rhd1 Rxf8 22. Kc2 Bxd3+ 23. Rxd3 Qxd3+ 24. Kxd3 Rh8 25. Bf4 e5 26. Bg3 Ke6 27. Rb1 b5 28. a4 Rb8 29.
axb5 axb5 30. Kc2 Nc4 31. h4 Na3+ 0-1

[Event "*** Titled Tuesday Blitz"]
[Site "Chess.com"]
[Date "2021.03.09"]
[Round "5"]
[White "Kislov_Oleg"]
[Black "grandcoach"]
[Result "1-0"]
[WhiteElo "2487"]
[BlackElo "2251"]
[TimeControl "180+1"]
[EndTime "10:58:20 PST"]
[Termination "Kislov_Oleg won by resignation"]

1. e4 c5 2. Nf3 Nc6 3. c3 Nf6 4. e5 Nd5 5. d4 cxd4 6. cxd4 d6 7. Bc4 dxe5 8. dxe5 Ndb4 9. Qb3 e6 10.
O-O Na5 11. Bb5+ Bd7 12. Qa4 Bxb5 13. Qxb5+ Nac6 14. a3 Nc2 15. Qxb7 Qc8 16. Qxc8+ Rxc8 17. Ra2 a5 18. b4 N2d4 19. Nxd4 Nxd4 20. bxa5 Bc5 21.
Be3 O-O 22. Nc3 Nb3 23. Bxc5 Rxc5 24. Ne2 Rxe5 25. a6 Ra5 26. Rb1 Rd8 27. Rab2 Rxa3 28.
a7 Na5 29. a8=Q Rxa8 30. Rb8+ 1-0